Map: Oceanborn LE

Players

PtitDrogo

  • Race: Protoss Protoss
  • Spawn Location: 11:00

Mixu - Winner!

  • Race: Zerg Zerg
  • League: Grandmaster
  • Spawn Location: 5:00

Event: HomeStory Cup XXV

VOD

Have the link to the VOD?

Description

Time

  • Played on: June 22, 2024, 2:27 p.m.
  • Length: 10:22

All games in this series

Show
View Real Time Build Order
Export as new Build Order

PtitDrogo Protoss 

Build Orders: 1 Gate Expand, Oracle Opening, Archon Immortal 

Get SALT Encoding   

  12  0:00  Probe  
  13  0:12  Probe  
  14  0:19  Pylon  
  14  0:24  Probe  
  15  0:37  Probe (Chrono Boost)  
  15  0:41  Gateway  
  16  0:46  Probe (Chrono Boost)  
  16  0:49  Assimilator  
  17  0:51  Probe (Chrono Boost)  
  18  1:03  Probe  
  19  1:15  Probe  
  20  1:26  Nexus  
  20  1:36  Cybernetics Core  
  20  1:40  Probe  
  20  1:44  Assimilator  
  21  1:52  Probe  
  22  1:54  Pylon  
  22  2:04  Probe  
  23  2:10  Adept (Chrono Boost)  
  25  2:16  Probe  
  25  2:18  Stargate  
  26  2:28  Warp Gate  
  26  2:29  Probe (Chrono Boost)  
  27  2:32  Adept  
  29  2:38  Probe (Chrono Boost)  
  31  2:47  Probe (Chrono Boost)  
  31  2:48  Probe (Chrono Boost)  
  32  2:53  Probe x2 (Chrono Boost)  
  33  3:05  Probe x2  
  34  3:06  Oracle (Chrono Boost)  
  37  3:17  Probe x2  
  39  3:25  Pylon  
  39  3:29  Probe x2  
  39  3:33  Oracle (Chrono Boost)  
  44  3:35  Gateway  
  45  3:41  Probe x2  
  46  3:53  Probe x2  
  48  3:56  Nexus  
  48  4:05  Probe x2  
  48  4:06  Pylon  
  50  4:10  Oracle  
  50  4:14  Pylon  
  53  4:17  Assimilator, Probe (Chrono Boost)  
  53  4:19  Assimilator  
  54  4:25  Probe (Chrono Boost)  
  54  4:29  Probe (Chrono Boost)  
  56  4:34  Probe (Chrono Boost)  
  56  4:36  Probe (Chrono Boost)  
  58  4:39  Probe (Chrono Boost)  
  58  4:44  Probe  
  57  4:46  Twilight Council  
  57  4:48  Forge, Robotics Facility  
  57  4:52  Probe (Chrono Boost)  
  58  4:56  Probe (Chrono Boost)  
  58  4:58  Adept  
  61  5:03  Twilight Council  
  61  5:04  Gateway  
  61  5:05  Gateway  
  63  5:07  Probe (Chrono Boost)  
  63  5:09  Shield Battery, Probe (Chrono Boost)  
  63  5:12  Probe (Chrono Boost)  
  65  5:14  Zealot  
  65  5:16  Probe (Chrono Boost)  
  65  5:19  Probe (Chrono Boost)  
  65  5:20  Probe (Chrono Boost)  
  69  5:23  Probe (Chrono Boost)  
  69  5:27  Probe  
  71  5:30  Charge  
  71  5:32  Protoss Ground Weapons Level 1 (Chrono Boost)  
  71  5:33  Probe  
  71  5:34  Warp Prism (Chrono Boost), Probe  
  71  5:35  Pylon  
  73  5:39  Pylon, Probe  
  76  5:43  Templar Archives  
  76  5:45  Probe  
  76  5:46  Probe  
  76  5:47  Assimilator  
  78  5:50  Assimilator  
  78  5:51  Probe  
  79  5:57  Probe  
  79  5:58  Probe  
  79  6:02  Observer (Chrono Boost)  
  79  6:03  Pylon, Probe  
  83  6:08  Gateway  
  83  6:10  Gateway, Probe  
  84  6:12  Immortal (Chrono Boost)  
  88  6:19  Probe  
  88  6:20  Probe  
  88  6:21  Pylon  
  88  6:23  High Templar  
  88  6:24  High Templar x2  
  96  6:28  Gateway, Archon  
  96  6:29  Gateway, High Templar  
  98  6:34  Gateway  
  98  6:38  Archon  
  98  6:41  Pylon  
  98  6:42  Pylon  
  98  6:50  Nexus  
  98  6:51  Immortal (Chrono Boost)  
  98  6:54  Pylon  
  102  6:55  Robotics Facility  
  102  7:01  High Templar x2  
  102  7:05  Pylon  
  102  7:06  Zealot x3, Psionic Storm  
  112  7:18  Probe  
  112  7:20  Shield Battery  
  113  7:23  Photon Cannon  
  113  7:24  Zealot x2, High Templar  
  113  7:25  Shield Battery  
  113  7:28  Immortal (Chrono Boost)  
  123  7:40  Zealot x2  
  123  7:41  Zealot x3  
  133  7:52  Zealot x2  
  135  8:00  Zealot  
  135  8:01  Zealot  
  129  8:07  Warp Prism (Chrono Boost)  
  129  8:11  Nexus  
  113  8:17  High Templar x5  
  113  8:18  Zealot  
  125  8:21  Archon x2  
  123  8:30  Immortal (Chrono Boost)  
  123  8:32  Zealot x2  
  125  8:50  High Templar x2  
  125  8:51  Zealot x4  
  134  9:07  Zealot x2  
  131  9:13  Zealot x4  
  134  9:22  Zealot x2  
  116  9:30  Archon  
  101  9:34  Zealot x6  
  97  9:38  Archon  
  97  9:42  Immortal  
  97  9:43  Zealot x2  
  97  9:44  Probe x2  
  84  9:56  Probe x2  
  84  9:57  High Templar x2  
  86  10:00  Zealot, High Templar x2  
  86  10:02  Archon  
  86  10:04  Archon  
  82  10:19  Zealot x3  
Show
View Real Time Build Order
Export as new Build Order

Mixu Zerg - Winner!

Build Orders: Hatch First, Swarm Host 

Get SALT Encoding   

  12  0:00  Drone  
  13  0:12  Overlord  
  13  0:16  Drone  
  14  0:30  Drone x2  
  16  0:48  Hatchery  
  15  0:51  Drone  
  15  0:55  Drone  
  17  0:58  Drone  
  18  1:09  Extractor  
  17  1:13  Spawning Pool  
  17  1:16  Drone  
  17  1:20  Drone  
  18  1:28  Drone  
  19  1:39  Drone  
  20  1:50  Overlord  
  20  2:00  Queen x2, Zergling x4  
  26  2:10  Drone  
  26  2:11  Drone  
  26  2:13  Metabolic Boost  
  28  2:22  Drone x2  
  30  2:36  Hatchery  
  29  2:38  Drone  
  29  2:44  Drone  
  31  2:45  Overlord  
  31  2:51  Queen  
  31  2:55  Drone  
  31  2:58  Drone  
  34  3:07  Drone  
  34  3:08  Queen  
  34  3:11  Overlord  
  34  3:12  Drone  
  38  3:14  Drone  
  38  3:19  Drone  
  40  3:22  Drone x3  
  40  3:24  Drone  
  44  3:29  Queen  
  44  3:33  Overlord  
  46  3:34  Drone  
  46  3:36  Drone  
  48  3:42  Drone  
  48  3:43  Drone  
  48  3:47  Queen  
  52  3:49  Drone, Overlord  
  52  3:53  Drone x2  
  52  3:55  Spore Crawler  
  53  3:57  Drone  
  53  4:02  Spore Crawler  
  50  4:05  Drone x2  
  50  4:08  Drone  
  53  4:10  Drone x2  
  53  4:13  Drone x2  
  53  4:16  Drone  
  58  4:18  Drone  
  58  4:21  Drone x2  
  58  4:23  Drone  
  62  4:25  Overlord  
  61  4:33  Drone x3  
  61  4:35  Drone  
  64  4:39  Spore Crawler  
  64  4:44  Drone x3  
  65  4:46  Roach Warren  
  65  4:48  Drone  
  65  4:49  Drone x2  
  65  4:52  Lair  
  67  4:55  Drone x2  
  67  4:56  Drone  
  67  4:57  Drone  
  67  4:58  Drone  
  72  5:00  Drone  
  72  5:02  Extractor  
  72  5:03  Extractor x2  
  72  5:04  Drone x2  
  72  5:05  Extractor  
  71  5:07  Extractor  
  71  5:08  Drone x3  
  71  5:12  Drone  
  71  5:13  Drone x2  
  76  5:15  Evolution Chamber  
  76  5:16  Drone x2  
  76  5:18  Drone  
  76  5:21  Drone, Overlord  
  79  5:26  Spore Crawler  
  75  5:39  Overlord  
  75  5:42  Drone x2  
  77  5:43  Zerg Missile Weapons Level 1, Roach x4  
  77  5:49  Drone x2  
  87  5:50  Glial Reconstitution  
  87  5:58  Hatchery  
  87  6:03  Drone  
  87  6:04  Drone x2  
  89  6:05  Overlord, Infestation Pit  
  89  6:06  Roach x4  
  89  6:09  Overlord  
  96  6:14  Overlord x2  
  96  6:19  Overlord x2  
  96  6:27  Overlord  
  96  6:40  Roach x2  
  96  6:41  Swarm Host x9  
  127  6:48  Swarm Host  
  127  6:51  Overseer  
  130  6:57  Overlord x3  
  130  7:04  Roach x8  
  146  7:12  Overlord  
  146  7:15  Roach x4  
  152  7:21  Overlord, Roach  
  152  7:22  Roach  
  156  7:24  Roach x4  
  156  7:28  Roach  
  166  7:32  Roach x4  
  174  7:40  Roach x4  
  182  7:47  Roach  
  182  7:48  Roach x3  
  190  7:58  Roach  
  192  8:01  Overlord  
  192  8:03  Roach  
  190  8:06  Roach  
  190  8:09  Overlord  
  190  8:11  Overlord  
  192  8:13  Spine Crawler x2  
  192  8:15  Spine Crawler  
  192  8:16  Ravager x3  
  192  8:19  Burrow  
  192  8:21  Ravager x2  
  192  8:22  Zergling x12  
  198  8:30  Zergling x8  
  198  8:45  Roach  
  198  8:53  Roach  
  200  9:08  Roach  
  197  9:16  Roach x4  
  200  9:20  Roach  
  200  9:21  Roach x5  
  195  9:25  Roach x2  
  195  9:27  Roach  
  184  9:31  Roach x9  
  184  9:34  Roach x4  
  183  9:39  Roach x5  
  183  9:42  Roach x3  
  189  9:47  Roach  
  189  9:50  Ravager  
  189  9:51  Roach x3  
  187  9:54  Ravager  
  187  9:57  Roach x4  
  192  10:01  Roach x2  
  198  10:10  Hydralisk Den  
  195  10:20  Hatchery  
Tags
 
Add a new tag
Caveats
  • Supply blocks, unpowered buildings, or Contaminate may cause inaccurate times.
  • Supply counts are checked every 10 seconds.